 Dungeon Crawl Stone Soup version 0.18.1-1-g2f07953 (console) character file.

93 MenacingMecha the Slasher (level 4, -12/37 HPs)
             Began as a Minotaur Gladiator on May 7, 2016.
             Was an Initiate of Okawaru.
             Killed by divine providence
             ... invoked by an orc priest
              (17 damage)
             ... on level 3 of the Dungeon.
             The game lasted 00:08:25 (2089 turns).

MenacingMecha the Slasher (Minotaur Gladiator)      Turns: 2089, Time: 00:08:25

Health: -12/37     AC:  5    Str: 20    XL:     4   Next: 36%
Magic:  3/3        EV: 12    Int:  5    God:    Okawaru [......]
Gold:   122        SH:  0    Dex: 11    Spells: 0 memorised, 3 levels left

rFire  . . .     SeeInvis .     a - +0 long sword
rCold  . . .     Gourm    .     k - +0 ring mail
rNeg   . . .     Faith    .     (no shield)
rPois  .         Spirit   .     c - +0 hat
rElec  .         Dismiss  .     (no cloak)
rCorr  .         Reflect  .     (no gloves)
SustAt .         Harm     .     (no boots)
MR     .....                    (no amulet)
Stlth  +.........               (no ring)
                                (no ring)

@: not resistant to hostile enchantments, very unstealthy
A: retaliatory headbutt, horns 2
a: Renounce Religion


You were on level 3 of the Dungeon.
You worshipped Okawaru.
Okawaru was noncommittal.
You were not hungry.

You visited 1 branch of the dungeon, and saw 3 of its levels.

You collected 122 gold pieces.

Inventory:

Hand Weapons
 a - a +0 long sword (weapon)
Missiles
 d - 2 throwing nets (quivered)
Armour
 c - a +0 hat (worn)
 k - a +0 ring mail (worn)
Scrolls
 b - 2 scrolls of enchant armour {unknown}
 e - a scroll of fog {unknown}
 g - a scroll of fear {unknown}
 i - 2 scrolls of identify {unknown}
 l - a scroll of noise {unknown}
 m - a scroll of amnesia {unknown}
 n - a scroll of recharging {unknown}
 p - a scroll of random uselessness {unknown}
 q - a scroll of enchant weapon {unknown}
 t - a scroll of blinking {unknown}
 w - a scroll of remove curse {unknown}
Potions
 j - 3 potions of curing {unknown}
 o - 2 potions of flight {unknown}
 s - a potion of degeneration {unknown}
 u - a potion of haste {unknown}
Comestibles
 f - 3 bread rations
 h - 2 meat rations
 r - 2 chunks of flesh
 v - a fruit
 x - a royal jelly


   Skills:
 - Level 2.4 Fighting
 + Level 6.3 Long Blades
 - Level 2.0 Throwing
 - Level 3.2 Dodging


You had 3 spell levels left.
You didn't know any spells.

Dungeon Overview and Level Annotations

Branches:
Dungeon (3/15)

Altars:
Okawaru

Annotations:
D:3 ogre


Innate Abilities, Weirdness & Mutations

You reflexively headbutt those who attack you in melee.
You have a pair of horns on your head.


Message History

You kill the orc!
Okawaru accepts your kill.
The orc priest calls down the wrath of Beogh upon you.
Beogh smites you!
* * * LOW HITPOINT WARNING * * *
Items here: )) †† a dagger; a short sword; an orc corpse x2
You hit the orc priest. Your headbutt misses the orc priest.
The orc priest is moderately wounded.
The orc priest hits you with a mace.
* * * LOW HITPOINT WARNING * * *
Throwing (i - inventory):
d - 3 throwing nets (quivered)
Press: ? - help, Shift-Dir - straight line, f - orc priest
Aim: an orc priest, wielding a mace and wearing a leather armour (moderately wounded)
You throw a throwing net. The throwing net hits the orc priest.
The orc priest is caught in the net!
The orc priest is moderately wounded.
The orc priest calls down the wrath of Beogh upon you.
Beogh smites you!
You die...

. .# ## ##. ...## ##. #..
#...##.. #.#
##.....#######.########
#......o....##....#...##
#.#...)####o##.........##
........# #.@÷..........#
.#......# ###...........#
..?o##### #...........#
..# ########.........# #
#.....##....#<..# .
##.....##.######## .
#.........# #.
#.......###
#.#######.......#


You could see an orc priest (caught).

Vanquished Creatures
  Robin (D:2)
  3 adders (D:2)
  A giant gecko (D:2)
  2 orcs (D:3)
  3 giant cockroaches
  12 goblins
  7 hobgoblins
  3 quokkas (D:2)
  5 bats
  5 kobolds
  6 rats
48 creatures vanquished.

Vanquished Creatures (others)
  A giant newt (D:2)
1 creature vanquished.

Grand Total: 49 creatures vanquished

Notes
Turn   | Place    | Note
--------------------------------------------------------------
     0 | D:1      | MenacingMecha the Minotaur Gladiator began the quest for the Orb.
     0 | D:1      | Reached XP level 1. HP: 18/18 MP: 0/0
   334 | D:1      | Reached skill level 4 in Long Blades
   485 | D:1      | Reached XP level 2. HP: 22/25 MP: 1/1
   640 | D:2      | Noticed Robin
   788 | D:2      | Reached skill level 5 in Long Blades
  1052 | D:2      | Killed Robin
  1052 | D:2      | Reached XP level 3. HP: 30/30 MP: 2/2
  1401 | D:2      | Found an iron altar of Okawaru.
  1411 | D:2      | Became a worshipper of Warmaster Okawaru
  1626 | D:3      | Reached XP level 4. HP: 36/37 MP: 3/3
  1634 | D:3      | Noticed an ogre
  1696 | D:3      | Reached skill level 6 in Long Blades
  2089 | D:3      | Killed from afar by an orc priest

Skill      XL: |  1  2  3  4 |
---------------+-------------+-----
Long Blades    | 4 5 6 |  6.3
Fighting       | |  2.4
Throwing       | |  2.0
Dodging        | |  3.2

Action                   |  1- 3 |  4- 6 || total
-------------------------+-------+-------++-------
Melee: Long sword        |    89 |    23 ||   112
       Headbutt          |     9 |     2 ||    11
Throw: Throwing net      |     1 |     1 ||     2
  Eat: Chunk             |     2 |     2 ||     4
Armor: Ring mail         |    26 |     8 ||    34
       Leather armour    |     1 |       ||     1
Dodge: Dodged            |    55 |     9 ||    64
